 Dungeon Crawl Stone Soup version 0.19.1 (webtiles) character file.

2010 KingBobo974 the Cleaver (level 9, 0/121 HPs)
             Began as a Hill Orc Berserker on Dec 10, 2016.
             Was a Priest of Trog.
             Slain by a killer bee (7 damage)
             ... on level 7 of the Dungeon.
             The game lasted 00:17:56 (6447 turns).

KingBobo974 the Cleaver (Hill Orc Berserker)        Turns: 6447, Time: 00:17:57

Health: 0/121      AC:  5    Str: 28    XL:     9   Next: 22%
Magic:  9/9        EV: 11    Int:  7    God:    Trog [***...]
Gold:   366        SH:  0    Dex: 10    Spells: 0 memorised, 8 levels left

rFire  . . .     SeeInvis .     a - +1 hand axe
rCold  . . .     Gourm    .     t - +2 leather armour {rN+}
rNeg   + . .     Faith    .     (no shield)
rPois  .         Spirit   .     (no helmet)
rElec  .         Reflect  .     (no cloak)
rCorr  .         Harm     .     (no gloves)
MR     .....                    (no boots)
Stlth  ..........               (no amulet)
                                (no ring)
                                (no ring)

@: berserking, lethally poisoned (0 -> -23), very slightly contaminated, hasted,
very quick
A: no striking features
a: Berserk, Trog's Hand, Burn Spellbooks, Renounce Religion


You were on level 7 of the Dungeon.
You worshipped Trog.
Trog was most pleased with you.
You were not hungry.

You visited 1 branch of the dungeon, and saw 7 of its levels.

You collected 366 gold pieces.

Inventory:

Hand Weapons
 a - a +1 hand axe (weapon)
 i - a +2 dagger of holy wrath
 s - a +2 dagger of speed
Armour
 b - a +0 animal skin
 g - a +0 leather armour
 t - a +2 leather armour of positive energy (worn)
Rods
 v - a +0 iron rod (11/11)
   (You found it on level 5 of the Dungeon)
Wands
 q - a wand of slowing (41/48)
 x - a wand of hasting (5/9)
 y - a wand of polymorph (1/24)
Scrolls
 d - a scroll of remove curse
 e - 2 scrolls of identify
 j - 2 scrolls of teleportation
 m - a scroll of magic mapping
 A - a scroll of amnesia {unknown}
Potions
 f - 7 potions of curing
 h - 2 potions of degeneration
 k - a potion of ambrosia {unknown}
 l - 2 potions of lignification {unknown}
 n - a potion of brilliance {unknown}
 o - a potion of agility {unknown}
 p - a potion of cure mutation {unknown}
 r - a potion of mutation {unknown}
 u - 2 potions of flight {unknown}
 w - a potion of haste {unknown}
 z - a potion of magic {unknown}


   Skills:
 + Level 7.8 Fighting
 * Level 11.3 Axes
 + Level 7.0 Armour
 - Level 1.5 Dodging


You had 8 spell levels left.
You didn't know any spells.

Dungeon Overview and Level Annotations

Branches:
Dungeon (7/15)             Temple (0/1) D:5

Altars:


Message History

* * * LOW HITPOINT WARNING * * *
You are lethally poisoned!
The killer bee poisons you! The killer bee barely misses you.
The killer bee stings you but does no damage.
The killer bee stings you.
* * * LOW HITPOINT WARNING * * *
The killer bee barely misses you.
You barely miss the killer bee.
The killer bee is moderately wounded.
You miss the killer bee. x3
You hit the killer bee but do no damage.
* * * LOW HITPOINT WARNING * * *
You feel sick. The killer bee closely misses you.
The killer bee stings you but does no damage.
The killer bee stings you.
* * * LOW HITPOINT WARNING * * *
The killer bee stings you.
* * * LOW HITPOINT WARNING * * *
The killer bee stings you!
You die...

####### ####### ......#
#.....######
......######)...yy....#
..>........'....@y....+
....###.####....yy....#
....#....# #..........#
....#....###.....##.....
....#.....######## .....
....+............ ....
....#####'###### ...
....##....(....# ...
....##.........##


You could see 5 killer bees.

Vanquished Creatures
  Pikel (D:5)
  Menkaure (D:4)
  A sky beast (D:6)
  4 centaurs
  An ogre (D:5)
  A crocodile (D:7)
  A wyvern skeleton (D:6)
  A water moccasin skeleton (D:7)
  A scorpion (D:4)
  A howler monkey (D:4)
  A crimson imp (D:5)
  4 orc priests
  9 orc wizards
  A hound (D:4)
  Ijyb (D:3)
  An iguana (D:5)
  3 worker ants
  A hound zombie (D:5)
  A hound skeleton (D:4)
  7 adders
  A worm (D:2)
  3 dart slugs
  3 leopard geckos
  17 orcs
  A ball python (D:2)
  9 bats
  6 giant cockroaches
  7 goblins
  6 hobgoblins
  4 jackals (D:1)
  9 kobolds
  A quokka (D:2)
  3 frilled lizards
  5 rats
117 creatures vanquished.

Vanquished Creatures (others)
  A slave (D:5)
  A crimson imp (D:5)
  A howler monkey zombie (D:5)
  2 adders (D:5)
  3 orcs (D:5)
  A leopard gecko skeleton (D:5)
9 creatures vanquished.

Grand Total: 126 creatures vanquished

Notes
Turn   | Place    | Note
-------+----------+-------------------------------------------
     0 | D:1      | KingBobo974 the Hill Orc Berserker began the quest for the Orb.
     0 | D:1      | Reached XP level 1. HP: 19/19 MP: 1/1
   173 | D:1      | Reached XP level 2. HP: 11/27 MP: 2/2
   603 | D:1      | Reached XP level 3. HP: 29/33 MP: 3/3
   928 | D:2      | Reached skill level 5 in Axes
  1406 | D:2      | Reached ** piety under Trog
  1696 | D:2      | Reached XP level 4. HP: 40/40 MP: 4/4
  2466 | D:3      | Noticed Ijyb
  2483 | D:3      | Killed Ijyb
  2510 | D:3      | Reached XP level 5. HP: 33/47 MP: 5/5
  2623 | D:3      | Reached skill level 6 in Axes
  2982 | D:4      | Reached XP level 6. HP: 24/53 MP: 6/6
  3328 | D:4      | Noticed Menkaure
  3334 | D:4      | Killed Menkaure
  3334 | D:4      | Reached skill level 5 in Fighting
  3334 | D:4      | Reached skill level 7 in Axes
  3395 | D:4      | Reached *** piety under Trog
  3395 | D:4      | Reached XP level 7. HP: 56/61 MP: 7/7
  3847 | D:4      | Reached skill level 8 in Axes
  4187 | D:4      | Reached skill level 5 in Armour
  4481 | D:5      | Entered Level 5 of the Dungeon
  4759 | D:5      | Found a staircase to the Ecumenical Temple.
  4856 | D:5      | Noticed Pikel
  4872 | D:5      | Killed Pikel
  4872 | D:5      | Reached skill level 9 in Axes
  4872 | D:5      | Reached XP level 8. HP: 47/71 MP: 8/8
  4878 | D:5      | Reached skill level 10 in Axes
  5783 | D:6      | Reached XP level 9. HP: 40/79 MP: 9/9
  5879 | D:6      | Reached skill level 11 in Axes
  6447 | D:7      | Slain by a killer bee

Skill      XL: |  1  2  3  4  5  6  7  8  9 |
---------------+----------------------------+-----
Axes           | 5 6 7 9 10 11 | 11.3
Fighting       | 4 5 6 7 |  7.8
Armour         | 3 4 5 6 7 |  7.0
Dodging        | |  1.5

Action                   |  1- 3 |  4- 6 |  7- 9 || total
-------------------------+-------+-------+-------++-------
Melee: Hand axe          |   130 |   163 |   216 ||   509
Invok: Berserk           |     1 |     2 |     5 ||     8
       Trog's Hand       |       |     3 |     2 ||     5
       Burn Spellbooks   |       |     1 |     1 ||     2
Evoke: Wand              |       |       |     2 ||     2
  Use: Scroll            |     4 |     3 |     4 ||    11
  Eat: Bread ration      |     1 |     1 |     3 ||     5
       Beef jerky        |       |     3 |     1 ||     4
       Pizza             |       |     1 |       ||     1
Armor: Animal skin       |    23 |       |       ||    23
       Leather armour    |    19 |    36 |    47 ||   102
Dodge: Dodged            |    98 |    85 |    86 ||   269
